 Dungeon Crawl Stone Soup version 0.32-a0-163-g159c032 (webtiles) character file.

Game seed: 14593837963986693674

46 Dorkslayer the Ruffian (level 3, -4/30 (32) HPs)
             Began as a Troll Shapeshifter on Feb 11, 2024.
             Slain by Crazy Yiuf
             ... wielding a +2 quarterstaff of chaos
              (7 damage)
             ... on level 2 of the Dungeon.
             The game lasted 00:01:56 (1212 turns).

Dorkslayer the Ruffian (Troll Shapeshifter)         Turns: 1212, Time: 00:01:57

HP:   -4/30 (32)    AC:  4    Str: 22    XL:     3   Next: 46%
MP:   2/2           EV: 10    Int:  6    God:
Gold: 41            SH:  0    Dex: 11    Spells: 2/2 levels left

rFire   . .          .
                       - Unarmed
rCold   . . .        (no shield)
rNeg    . . .        a - +0 animal skin
rPois   .            (helmet currently unavailable)
rElec   .            (cloak currently unavailable)
rCorr   +            (gloves unavailable)
SInv    .            (boots unavailable)
Will    .....        (no amulet)
Stlth   +            h - ring of resist corrosion
HPRegen 1.05/turn    (no ring)
MPRegen 0.08/turn

%: no passive effects
@: beast-form, drained
A: beast (slay +1), large, unfitting armour, claws 3, regeneration 1, shaggy fur
1, tough skin 1
a: Begin Untransformation


You were on level 2 of the Dungeon.
You were a hulking beast.
You visited 1 branch of the dungeon, and saw 2 of its levels.

You collected 41 gold pieces.

Inventory:

Hand Weapons
 f - a +0 mace
Armour
 a - a +0 animal skin (worn)
Jewellery
 h - a ring of resist corrosion (left claw)
Talismans
 c - a beast talisman
 d - a flux talisman
Scrolls
 g - a scroll of silence {unknown}
 i - a scroll of teleportation {unknown}
 j - a scroll of identify {unknown}
 k - a scroll of enchant weapon {unknown}
 l - 2 scrolls of fog {unknown}
 n - a scroll of revelation {unknown}
Potions
 b - 2 potions of lignification
 e - 2 potions of invisibility {unknown}
 m - a potion of berserk rage {unknown}
 o - a potion of degeneration {unknown}


   Skills:
 + Level 0.7 Fighting
 + Level 1.7 Dodging
 * Level 4.0 Unarmed Combat
 + Level 3.4 Shapeshifting


You had 2 spell levels left.
You didn't know any spells.
Your spell library contained the following spells:

 Spells                   Type           Power      Damage    Failure   Level
 Summon Small Mammal      Summ           0%         N/A       45%         1
 Call Canine Familiar     Summ           0%         N/A       83%         3
 Dazzling Flash           Conj/Hex       0%         N/A       83%         3
 Volatile Blastmotes      Fire/Tloc      0%         2d10      83%         3
 Summon Blazeheart Golem  Fire/Summ      0%         N/A       99%         4
 Starburst                Conj/Fire      0%         6d3       100%        6
 Maxwell's Capacitive Co  Air            0%         ∞         100%        8


Dungeon Overview and Level Annotations

Branches:
Dungeon (2/15)

Altars:

Annotations:
D:2 Crazy Yiuf


Innate Abilities, Weirdness & Mutations

You are a hulking beast.
Your limbs bulge with bestial killing power. (Slay +1)
You are too large for most types of armour.
You have claws for hands.
Your natural rate of healing is unusually fast.
You are covered in fur. (AC +1)
You have tough skin. (AC +1)


Message History

a +0 dagger; a goblin corpse
There is a shaft here.
Found a stone staircase leading down.
There is a stone staircase leading down here.
An endoplasm comes into view.
The helpless endoplasm fails to defend itself.
You claw the endoplasm!
You kill the endoplasm!
Your Unarmed Combat skill increases to level 4!
Found 6 stones and a chain mail.
e - 2 fizzy white potions (gained 1)
A frilled lizard comes into view.
You see here 6 stones.
The frilled lizard hisses angrily.
You claw the frilled lizard!
You kill the frilled lizard!
You see here a +0 chain mail.
A goblin comes into view. It is wielding a +0 dagger.
The goblin shouts!
The goblin hits you but does no damage.
You closely miss the goblin. You scratch the goblin.
You kill the goblin!
You see here a +0 dagger.
Found a hammer.
Found a runed translucent door.
You open the door.
Crazy Yiuf says, "Hah high snail!"
You scratch Crazy Yiuf but do no damage.
Crazy Yiuf hits you with a +2 quarterstaff of chaos!
You feel drained.
You closely miss Crazy Yiuf. Crazy Yiuf misses you.
You closely miss Crazy Yiuf.
Crazy Yiuf hits you with a +2 quarterstaff of chaos!
You barely miss Crazy Yiuf.
Crazy Yiuf hits you with a +2 quarterstaff of chaos!
* * * LOW HITPOINT WARNING * * *
You barely miss Crazy Yiuf.
Crazy Yiuf says, "Tonal foot pizzabubble!"
Crazy Yiuf hits you with a +2 quarterstaff of chaos!
You die...

#....#
#....# #
#....# ####
##...#
#########...
##.##
#...........
##.#
#.#######.##
#.## #.# #.#
##.# #.# #.#
#h## #.# #.#
#g#
#.#######.##
...
#.......#...
#...#
#.#####.#.#.
#)..#
#.#.......##
#####
#.#.###.####
#.......#
#####.###.#
#..##.# #.#


You could see Crazy Yiuf.

Vanquished Creatures
  2 dart slugs (D:1)
  4 bats (D:1)
  4 endoplasms
  3 giant cockroaches
  8 goblins
  3 hobgoblins
  2 jackals (D:1)
  3 quokkas (D:1)
  2 frilled lizards
  3 kobolds (D:1)
  4 rats
38 creatures vanquished.

Notes
Turn   | Place    | Note
-------+----------+-------------------------------------------
     0 | D:1      | Dorkslayer the Troll Shapeshifter began the quest for the
                  | Orb.
     0 | D:1      | Reached XP level 1. HP: 18/18 MP: 0/0
   114 | D:1      | Reached XP level 2. HP: 23/26 MP: 1/1
   623 | D:1      | Reached XP level 3. HP: 32/32 MP: 2/2
  1108 | D:2      | Reached skill level 4 in Unarmed Combat
  1203 | D:2      | Found a runed translucent door.
  1204 | D:2      | Noticed Crazy Yiuf
  1212 | D:2      | Slain by Crazy Yiuf

Illustrated notes

Levels and vault maps discovered:
D:1:      dpeg_arrival_subterranean_lakeside_camping, layout_basic
D:2:      layout_loops_ring, uniq_crazy_yiuf_cottage

Skill      XL: |  1  2  3 |
---------------+----------+-----
Unarmed Combat | 4 |  4.0
Fighting       | |  0.7
Dodging        | |  1.7
Shapeshifting  | |  3.4

Action                     || total
---------------------------++-------
  Melee: Unarmed           ||    77
   Stab: Sleeping          ||     1
 Armour: Animal skin       ||    37
  Dodge: Dodged            ||    35

Table legend: (Time is in decaauts)
 A = Elapsed time spent in this place.
 B = Non-inter-level travel time spent in this place.
 C = Inter-level travel time spent in this place.
 D = Time resting spent in this place.
 E = Time spent auto-exploring this place.
 F = Levels seen in this place.
 G = Mean time per level.
                   A        B        C        D        E       F      G
               +--------+--------+--------+--------+--------+-----+--------+
         Total |   1206 |   1206 |      0 |      0 |    853 |   2 |  603.0 |
       Dungeon |   1206 |   1206 |      0 |      0 |    853 |   2 |  603.0 |
               +--------+--------+--------+--------+--------+-----+--------+

Top non-repeatable levels by time:
     D:1: 874 daAuts
     D:2: 331 daAuts
